Map: 2000 Atmospheres LE

Players

A.I. 1 (Very Easy) - Winner!

  • Race: Terran Terran

llllllllllll

  • Race: Protoss Protoss

VOD

Have the link to the VOD?

Description

Time

  • Played on: March 4, 2022, 5:52 a.m.
  • Length: 10:04
Show
View Real Time Build Order
Export as new Build Order

A.I. 1 (Very Easy) Terran - Winner!

Build Orders: Reaper Expand 

Get SALT Encoding   

  12  0:00  SCV  
  13  0:13  SCV  
  14  0:18  Supply Depot  
  14  0:42  Barracks  
  14  1:01  Command Center  
  14  1:26  SCV  
  14  1:31  Marine  
  15  1:35  Supply Depot  
  15  1:39  Orbital Command  
  15  1:43  Refinery  
  14  1:57  Refinery  
  14  2:05  SCV  
  15  2:17  SCV  
  15  2:22  SCV  
  17  2:24  Reaper  
  17  2:29  SCV  
  19  2:36  SCV  
  20  2:43  SCV  
  21  2:50  SCV  
  22  2:57  SCV  
  23  3:00  Refinery  
  23  3:05  Marine, SCV  
  25  3:12  SCV  
  26  3:19  SCV  
  27  3:26  SCV  
  28  3:33  SCV  
  28  3:34  Factory  
  28  3:40  SCV  
  29  3:46  Marine  
  30  3:57  Refinery  
  30  4:00  SCV  
  30  4:07  SCV  
  29  4:14  SCV  
  30  4:21  Starport  
  30  4:22  SCV  
  30  4:23  Supply Depot  
  31  4:27  Reaper  
  31  4:29  SCV  
  33  4:36  SCV  
  34  4:44  SCV  
  35  4:51  SCV  
  36  4:54  Supply Depot  
  36  4:58  SCV  
  36  4:59  Starport Tech Lab  
  36  5:00  Barracks Tech Lab  
  36  5:05  SCV  
  37  5:11  Hellion  
  37  5:12  SCV  
  39  5:16  Raven  
  39  5:19  SCV  
  40  5:27  SCV  
  41  5:34  SCV  
  42  5:37  Supply Depot  
  42  5:40  Hellion  
  42  5:41  SCV  
  43  5:48  SCV  
  44  5:59  Raven  
  46  6:08  Hellion  
  44  6:37  Hellion  
  46  6:42  Raven  
  48  7:06  Hellion  
  50  7:10  SCV  
  50  7:46  Reaper  
  51  8:08  SCV  
  51  8:10  Supply Depot  
  49  8:15  Viking, SCV  
  45  8:22  SCV  
  46  8:30  SCV  
  46  8:37  SCV  
  39  8:44  SCV, Hellion, Raven  
  44  8:51  SCV  
  43  8:58  SCV  
  44  9:13  Hellion  
  48  9:40  SCV  
  48  9:41  Hellion  
  34  9:47  SCV  
Show
View Real Time Build Order
Export as new Build Order

llllllllllll Protoss 

Build Orders: 1 Gate Expand, Oracle Opening, Phoenix Opening 

Get SALT Encoding   

  12  0:00  Probe  
  13  0:12  Probe  
  14  0:16  Pylon  
  14  0:24  Probe (Chrono Boost)  
  16  0:36  Gateway, Probe (Chrono Boost)  
  16  0:42  Probe (Chrono Boost)  
  16  0:46  Assimilator  
  17  0:51  Probe  
  18  1:03  Probe  
  19  1:15  Probe  
  20  1:22  Nexus  
  20  1:33  Cybernetics Core  
  20  1:37  Probe  
  21  1:41  Assimilator  
  21  1:49  Probe  
  21  1:52  Pylon  
  22  2:00  Probe  
  22  2:07  Adept (Chrono Boost)  
  23  2:08  Probe  
  26  2:16  Stargate  
  26  2:17  Probe  
  27  2:24  Warp Gate  
  28  2:30  Probe (Chrono Boost)  
  28  2:32  Adept  
  28  2:35  Probe (Chrono Boost)  
  33  2:44  Probe x2 (Chrono Boost)  
  33  2:49  Probe (Chrono Boost)  
  33  2:52  Probe  
  33  2:58  Oracle (Chrono Boost)  
  35  3:01  Probe  
  35  3:04  Probe  
  35  3:05  Pylon  
  40  3:07  Adept  
  42  3:13  Probe  
  42  3:16  Probe  
  44  3:22  Gateway  
  44  3:24  Gateway  
  44  3:26  Probe  
  45  3:31  Phoenix  
  45  3:33  Probe  
  48  3:38  Probe  
  49  3:46  Probe  
  50  3:53  Nexus  
  50  3:56  Pylon  
  50  3:57  Probe  
  50  3:59  Probe  
  50  4:02  Phoenix (Chrono Boost)  
  52  4:08  Assimilator  
  54  4:14  Probe  
  54  4:15  Probe  
  56  4:18  Phoenix (Chrono Boost)  
  56  4:20  Pylon  
  58  4:26  Probe  
  58  4:27  Twilight Council  
  58  4:28  Probe  
  58  4:30  Forge  
  60  4:38  Probe  
  61  4:39  Pylon  
  61  4:40  Probe  
  62  4:46  Phoenix  
  62  4:50  Probe  
  65  4:52  Probe  
  65  4:54  Charge, Pylon  
  66  5:00  Protoss Ground Armor Level 1 (Chrono Boost)  
  66  5:02  Shield Battery, Probe  
  66  5:05  Probe x2  
  69  5:14  Probe, Phoenix  
  69  5:17  Probe x2  
  74  5:22  Gateway, Pylon  
  74  5:25  Gateway  
  74  5:26  Probe  
  75  5:30  Probe  
  75  5:31  Gateway, Probe  
  77  5:37  Gateway  
  77  5:41  Gateway  
  77  5:46  Pylon  
  77  5:51  Sentry  
  77  5:52  Zealot x2  
  83  5:58  Probe x3  
  83  6:03  Nexus  
  86  6:04  Pylon  
  86  6:10  Probe  
  87  6:15  Robotics Facility  
  87  6:16  Forge, Assimilator, Probe  
  88  6:19  Assimilator, Probe  
  88  6:22  Probe  
  88  6:24  Assimilator  
  90  6:27  Gateway  
  90  6:28  Gateway, Probe  
  90  6:31  Probe  
  92  6:34  Probe  
  95  6:40  Probe  
  95  6:43  Probe, Blink  
  95  6:44  Protoss Ground Weapons Level 1 (Chrono Boost)  
  95  6:46  Probe  
  96  6:49  Shield Battery  
  96  6:53  Probe  
  97  6:55  Probe  
  97  6:58  Probe  
  97  7:00  Photon Cannon  
  99  7:03  Shield Battery  
  99  7:04  Robotics Facility, Photon Cannon  
  99  7:05  Probe, Robotics Bay, Observer (Chrono Boost)  
  99  7:08  Pylon  
  101  7:09  Probe  
  101  7:12  Probe  
  103  7:17  Probe  
  103  7:18  Probe  
  105  7:24  Zealot x6  
  105  7:27  Zealot x2  
  105  7:29  Pylon  
  121  7:30  Probe x2  
  121  7:31  Warp Prism (Chrono Boost)  
  121  7:35  Pylon  
  125  7:38  Probe  
  126  7:47  Pylon  
  126  7:50  Colossus (Chrono Boost), Probe x2  
  128  7:53  Extended Thermal Lance (Chrono Boost), Pylon  
  128  7:55  Colossus (Chrono Boost)  
  140  8:01  Pylon  
  140  8:02  Templar Archives  
  140  8:19  Zealot x4  
  148  8:26  Assimilator x2  
  148  8:27  Colossus (Chrono Boost)  
  148  8:31  Colossus (Chrono Boost)  
  154  8:38  Nexus  
  160  8:46  Pylon  
  160  8:58  Zealot  
  160  8:59  Zealot x7, Dark Shrine  
  160  9:01  Photon Cannon  
  176  9:05  Pylon  
  176  9:07  Pylon  
  176  9:08  Shield Battery, Photon Cannon  
  176  9:13  Disruptor (Chrono Boost)  
  179  9:22  Disruptor (Chrono Boost)  
  182  9:32  Zealot x6  
  182  9:33  Zealot x3  
  182  9:37  Pylon  
  200  9:39  Pylon  
  200  9:53  Photon Cannon  
  200  9:56  Photon Cannon  
  200  9:59  Shield Battery  
  200  10:00  Photon Cannon  
  200  10:03  Photon Cannon  
Tags
 
Add a new tag
Caveats
  • Supply blocks, unpowered buildings, or Contaminate may cause inaccurate times.
  • Supply counts are checked every 10 seconds.